Map: [ESL] Alcyone

Players

XYXY (XY) - Winner!

  • Race: Terran Terran
  • Spawn Location: 7:00

Oliveira

  • Race: Terran Terran
  • Spawn Location: 1:00

Event: ESL SC2 Masters 2023 Winter (Regional)

VOD

Have the link to the VOD?

Description

Time

  • Played on: Nov. 2, 2023, 7:23 a.m.
  • Length: 7:46

All games in this series

Show
View Real Time Build Order
Export as new Build Order

XYXY Terran - Winner!

Build Orders: Cyclone Opening 

Get SALT Encoding   

  12  0:00  SCV  
  13  0:12  SCV  
  14  0:16  Supply Depot  
  14  0:24  SCV  
  15  0:38  SCV  
  15  0:40  Barracks  
  16  0:43  Refinery  
  16  0:50  SCV  
  16  0:52  Refinery  
  17  1:02  SCV  
  18  1:14  SCV  
  19  1:26  Reaper  
  19  1:27  Orbital Command  
  20  1:33  Supply Depot  
  20  1:40  Factory  
  20  1:52  SCV  
  21  1:58  Reaper  
  22  2:04  SCV  
  23  2:16  SCV  
  23  2:17  Command Center  
  24  2:25  Cyclone  
  24  2:28  SCV  
  27  2:31  Barracks Reactor  
  27  2:37  Supply Depot  
  27  2:41  SCV  
  28  2:51  Starport  
  28  2:53  SCV  
  28  2:57  Factory Tech Lab  
  29  3:05  SCV  
  30  3:06  Marine  
  30  3:07  Marine  
  32  3:12  Refinery  
  32  3:17  SCV  
  33  3:24  Marine x2  
  33  3:26  Siege Tank  
  38  3:29  SCV  
  39  3:37  Starport Tech Lab, Orbital Command  
  39  3:43  SCV  
  39  3:45  Marine x2  
  42  3:54  Supply Depot  
  42  3:55  SCV  
  42  3:59  Raven  
  45  4:03  SCV  
  45  4:08  SCV  
  47  4:12  Siege Tank  
  47  4:15  SCV  
  51  4:17  Marine  
  51  4:20  SCV, Marine  
  51  4:24  Supply Depot  
  54  4:31  SCV  
  54  4:32  SCV  
  54  4:34  Raven  
  58  4:42  Supply Depot  
  58  4:43  SCV  
  58  4:44  SCV  
  60  4:46  Siege Tank  
  63  4:55  Supply Depot  
  63  4:59  Supply Depot  
  63  5:04  SCV x2, Marine x2  
  63  5:05  Supply Depot  
  67  5:08  Raven  
  69  5:16  SCV  
  69  5:17  SCV  
  69  5:19  Siege Tank  
  74  5:21  Marine x2  
  74  5:28  SCV  
  77  5:29  SCV  
  77  5:31  Unknown  
  78  5:39  Marine x2  
  78  5:40  SCV  
  78  5:41  SCV  
  80  5:52  SCV, Siege Tank  
  80  5:53  Command Center, SCV  
  85  6:04  SCV  
  85  6:05  SCV  
  85  6:09  Starport Reactor  
  87  6:12  Barracks  
  87  6:13  Barracks  
  87  6:16  SCV, Marine  
  87  6:17  SCV  
  89  6:24  Siege Tank  
  91  6:28  SCV  
  91  6:29  SCV  
  91  6:31  Refinery  
  93  6:34  Marine  
  93  6:35  Command Center  
  94  6:44  SCV  
  94  6:45  SCV  
  94  6:52  Marine  
  89  6:55  Viking x2  
  89  6:56  SCV  
  94  7:04  Supply Depot  
  94  7:06  Supply Depot  
  94  7:07  Supply Depot  
  94  7:25  Supply Depot  
  94  7:26  SCV x2, Marine  
  94  7:27  Barracks Reactor  
  94  7:29  Barracks  
  104  7:30  Barracks  
Show
View Real Time Build Order
Export as new Build Order

Oliveira Terran 

Build Orders:  

Get SALT Encoding   

  12  0:00  SCV  
  13  0:13  SCV  
  14  0:17  Supply Depot  
  14  0:25  SCV  
  15  0:39  SCV  
  15  0:40  Barracks  
  16  0:44  Refinery  
  16  0:51  SCV  
  16  0:52  Refinery  
  17  1:03  SCV  
  18  1:15  SCV  
  19  1:27  Barracks Reactor, Orbital Command  
  19  1:31  Supply Depot  
  19  1:42  Factory  
  19  1:53  SCV  
  20  2:04  Reaper  
  20  2:05  SCV  
  20  2:06  Reaper  
  23  2:17  SCV  
  24  2:25  Command Center  
  24  2:26  Hellion  
  24  2:29  SCV  
  27  2:34  Supply Depot  
  27  2:37  Reaper  
  27  2:40  Reaper  
  27  2:42  SCV  
  30  2:56  Hellion  
  30  2:57  Starport  
  32  2:59  SCV  
  33  3:10  Marine  
  33  3:12  Marine  
  35  3:13  SCV  
  35  3:19  Factory Tech Lab  
  35  3:29  Marine x2  
  37  3:36  Medivac  
  37  3:37  Orbital Command  
  39  3:44  Siege Tank  
  39  3:46  SCV  
  43  3:48  Marine x2  
  45  3:58  Supply Depot, SCV  
  46  4:03  SCV  
  46  4:06  Refinery  
  46  4:08  Starport Tech Lab  
  47  4:10  Marine x2  
  47  4:13  SCV  
  47  4:15  SCV  
  47  4:16  Cyclone  
  53  4:25  SCV  
  53  4:27  Raven, SCV  
  53  4:30  Supply Depot  
  57  4:31  Marine  
  57  4:32  Marine  
  57  4:37  SCV  
  60  4:39  SCV  
  61  4:49  SCV  
  62  4:56  SCV  
  62  4:58  Command Center  
  62  4:59  Factory Reactor  
  63  5:01  SCV  
  63  5:02  Raven, Barracks  
  63  5:06  Stimpack  
  66  5:08  SCV  
  68  5:14  Barracks  
  68  5:17  Supply Depot  
  68  5:18  SCV  
  68  5:21  SCV  
  69  5:25  Unknown  
  69  5:30  SCV  
  69  5:31  Engineering Bay  
  69  5:32  Engineering Bay  
  70  5:38  SCV  
  70  5:42  SCV  
  72  5:43  Starport Reactor  
  69  5:50  SCV  
  69  5:51  Siege Tank  
  69  5:53  Marine  
  69  5:55  Bunker, Marine  
  75  5:59  SCV  
  75  6:02  Supply Depot  
  75  6:03  Refinery  
  76  6:09  Marine  
  76  6:11  Orbital Command  
  77  6:14  Marine  
  77  6:15  Marine  
  77  6:17  Marine  
  77  6:18  Supply Depot, Marine  
  81  6:26  Siege Tank  
  81  6:27  SCV, Marine  
  81  6:32  Marine x2  
  83  6:35  SCV, Marine  
  83  6:36  Marine  
  83  6:39  SCV  
  89  6:45  Marine  
  78  6:50  Marine x2  
  78  6:52  Marine  
  78  6:54  Medivac, Marine  
  74  6:56  Medivac  
  77  7:03  Marine  
  77  7:08  Marine x2  
  72  7:10  Marine  
  72  7:11  Marine  
  72  7:12  Siege Tank  
  74  7:21  Marine  
  68  7:23  SCV  
  68  7:26  Marine x2  
Tags
 
Add a new tag
Caveats
  • Supply blocks, unpowered buildings, or Contaminate may cause inaccurate times.
  • Supply counts are checked every 10 seconds.